 Dungeon Sprint DCSS version 0.30-a0-964-gd452b5e7fa (webtiles) character file.

Game seed: 17270406124258953481

7 dialectric the Sneak (level 1, -11/16 HPs)
             Began as a Spriggan Brigand on Mar 30, 2023.
             Mangled by a neqoxec (12 damage)
             ... in the Dungeon (Sprint II: "The Violet Keep of Menkaure").
             The game lasted 00:00:15 (21 turns).

dialectric the Sneak (Spriggan Brigand)               Turns: 21, Time: 00:00:16

Health: -11/16     AC:  3    Str:  7    XL:     1   Next: 83%
Magic:  2/2        EV: 16    Int: 12    God:
Gold:   243        SH:  0    Dex: 16    Spells: 0/0 levels left

rFire   . . .      SeeInvis +    a - +2 dagger
rCold   . . .      Faith    .    (no shield)
rNeg    . . .      Spirit   .    b - +0 robe
rPois   .          Reflect  .    (helmet restricted)
rElec   .          Rampage  .    c - +0 cloak
rCorr   .          NoTele   +    (gloves unavailable)
Will    .....                    (boots unavailable) Stlth
                                 (no amulet)
HPRegen 0.22/turn                (no ring)
MPRegen 0.08/turn                (no ring)

@: berserking, very quick
A: very small, no large weapons, unfitting armour, see invisible, speed 3
a: no special abilities


You were in the Dungeon.
You visited 1 branch You collected 243 gold pieces.

Inventory:

Hand Weapons
 a - a +2 dagger (weapon)
Missiles
 d - 9 poisoned darts
 e - 2 curare-tipped darts (quivered)
Armour
 b - a +0 robe (worn)
 c - a +0 cloak (worn)
Scrolls
 k - a scroll of blinking
Potions
 f - a potion of curing
 g - a potion of heal wounds
 h - a potion of haste
 i - 2 potions of magic


   Skills:
 + Level 1.8 Fighting
 + Level 2.5 Short Blades
 - Level 2.1 Throwing
 + Level 1.5 Dodging
 + Level 7.8 Stealth


You couldn't memorise any spells.
You didn't know any spells.
Your spell library was empty.

Dungeon Overview and Level Annotations

Branches:
Dungeon (1/1)

Altars:


Innate Abilities, Weirdness & Mutations

You are very small and have problems with some larger weapons.
You are too small for most types of armour.
You have supernaturally acute eyesight. (SInv)
You cover ground extremely quickly. (Speed+++)


Message History

Really target yourself?
Okay, then.
Unknown command.
e - 2 curare-tipped darts (gained 1)
You now have 243 gold pieces.
You see here a worm corpse.
There is an open door here.
You open the door. 4 neqoxecs come into view.
The neqoxec shouts! x2
The neqoxec moves out of view.
The neqoxec shouts!
Found 243 gold pieces.
Unknown command.
A red film seems to cover your vision as you go berserk!
You feel yourself moving faster!
You feel mighty! The neqoxec hits you!
Ouch! That really hurt!
* * * LOW HITPOINT WARNING * * *
You barely miss the neqoxec. You barely miss the neqoxec.
The neqoxec closely misses you.
You closely miss the neqoxec. The neqoxec closely misses you.
You barely miss the neqoxec. You hit the neqoxec.
The neqoxec is lightly wounded.
The neqoxec gestures at you.
Something tries to feed on your intellect!
The neqoxec barely misses you.
You closely miss the neqoxec.
The neqoxec is lightly wounded.
You puncture the neqoxec!
The neqoxec is heavily wounded.
The neqoxec gestures at you.
Something tries to feed on your intellect!
The neqoxec hits you.
* * * LOW HITPOINT WARNING * * *
You hit the neqoxec.
The neqoxec is severely wounded.
The neqoxec hits you!
Ouch! That really hurt!
You die...

#+#
####.##
+##†'.<.+
#...##@##
##.###3#
##


333 ..##. ### ## You could see 4 neqoxecs.

Vanquished Creatures
  2 worms (D)
2 creatures vanquished.

Notes
Turn   | Place    | Note
-------+----------+-------------------------------------------
     0 | D        | dialectric the Spriggan Brigand began the quest for the
                  | Orb.
     0 | D        | Reached XP level 1. HP: 10/10 MP: 2/2
     5 | D        | Reached skill level 7 in Stealth
    12 | D        | Noticed a neqoxec
    12 | D        | Noticed a neqoxec
    12 | D        | Noticed a neqoxec
    12 | D        | Noticed a neqoxec
    21 | D        | Mangled by a neqoxec

Illustrated notes

Levels and vault maps discovered:
D:        the_violet_keep_of_menkaure [sprint2_stairs_cluster_1,
          sprint2_shoproom, sprint2_temple, sprint2_basic_supplies,
          sprint2_obstacle_2, sprint2_obstacle_6, sprint2_obstacle_7,
          sprint2_obstacle_5, sprint2_obstacle_1, sprint2_timed_cluster_1,
          sprint2_smallroom_cluster_1, sprint2_smallroom_final_cluster_1,
          sprint2_transparent_cluster_1, sprint2_second_timed_cluster_1,
          sprint2_sniper_area_1, sprint2_heavy_combat_area_1,
          sprint2_mutation_trap_area_1, sprint2_forest_area_1,
          sprint2_light_combat_area_1, sprint2_behind_water_1,
          sprint2_near_end_vault_1]

Skill      XL: |  1 |
---------------+----+-----
Stealth        | 7 |  7.8
Fighting       | |  1.8
Short Blades   | |  2.5
Throwing       | |  2.1
Dodging        | |  1.5

Action                     || total
---------------------------++-------
  Melee: Dagger            ||     9
  Throw: Dart              ||     2
    Use: Potion            ||     1
   Stab: Sleeping          ||     1
  Dodge: Dodged            ||     4

Table legend: (Time is in decaauts)
 A = Elapsed time spent in this place.
 B = Non-inter-level travel time spent in this place.
 C = Inter-level travel time spent in this place.
 D = Time resting spent in this place.
 E = Time spent auto-exploring this place.
 F = Levels seen in this place.
 G = Mean time per level.
                   A        B        C        D        E       F      G
               +--------+--------+--------+--------+--------+-----+--------+
         Total |     15 |     15 |      0 |      0 |      0 |   1 |   15.0 |
       Dungeon |     15 |     15 |      0 |      0 |      0 |   1 |   15.0 |
               +--------+--------+--------+--------+--------+-----+--------+

Top non-repeatable levels by time:
       D: 15 daAuts
